cohdb
Replays
Latest Replays
All Replays
Popular Replays
Top Player Replays
Match Explorer
How It Works
Community
CoH3 Stats
Reddit
Sign in to upload your games and track your stats! →
Sign in with Steam
Match 43452973
Unlisted
Match 43452973
Overview
Messages
Build Orders
End
Kettenkrad Recon Vehicle
Construct Infanterie Kompanie
MG 42 Machine Gun Team
Grenadier Squad
Grenadier Squad
Selects Mechanized Battlegroup
Construct Luftwaffe Kompanie
Selects Mobile Repair Stations
Jäger Squad
MG 42 Bunker
Jäger Squad
Selects Raid Package
Support Elements
Luftwaffe Officer Quarters
Medical Bunker
Wirbelwind Flakpanzer
Zerg6412
Gengeta
simranjitsingh713
DoMxNightM4rE
💧CheckO ||30|| FpS💧
†TugaElite†
0
0
Comments
sign in to comment!
No comments posted yet!